[Event "*** Titled Tuesday Blitz"]
[Site "Chess.com"]
[Date "2021.03.02"]
[Round "1"]
[White "VFernandezB"]
[Black "WiktoriaPOL"]
[Result "1-0"]
[WhiteElo "2487"]
[BlackElo "2021"]
[TimeControl "180+1"]
[EndTime "10:01:44 PST"]
[Termination "VFernandezB won by resignation"]

1. e4 c5 2. Nf3 d6 3. d4 Nf6 4. Nc3 cxd4 5. Nxd4 a6 6. Bg5 Nbd7 7.
f4 Qc7 8. Qe2 b5 9. O-O-O Bb7 10. g3 h6 11. Bh4 b4 12. Nd5 Nxd5 13. exd5 Bxd5 14. Bg2 Bxg2 15. Qxg2 e6 16. Qxa8+ Nb8 17. Nc6 1-0

[Event "*** Titled Tuesday Blitz"]
[Site "Chess.com"]
[Date "2021.03.02"]
[Round "1"]
[White "champ2005"]
[Black "googlegoom"]
[Result "1-0"]
[WhiteElo "3008"]
[BlackElo "2471"]
[TimeControl "180+1"]
[EndTime "10:02:00 PST"]
[Termination "champ2005 won by resignation"]

1. c4 c6 2. Nf3 d5 3. e3 Nf6 4. Nc3 e6 5. b3 b6 6. Bb2 Bb7 7. Be2 Be7 8. Qc2 Nbd7 9. g4 h6 10. Rg1 Rc8 11. h4 g6 12. g5 hxg5 13. hxg5 Nh5 14. Nxd5 cxd5 15. Bxh8 dxc4 16. bxc4 b5 17. Nd4 bxc4 18. Bxh5 gxh5 19. g6 1-0

[Event "*** Titled Tuesday Blitz"]
[Site "Chess.com"]
[Date "2021.03.02"]
[Round "1"]
[White "krzyzan94"]
[Black "Alex-11211"]
[Result "1-0"]
[WhiteElo "2706"]
[BlackElo "2371"]
[TimeControl "180+1"]
[EndTime "10:02:31 PST"]
[Termination "krzyzan94 won by resignation"]

1. Nf3 c5 2. e4 g6 3. g3 Bg7 4. Bg2 Nc6 5. O-O e5 6. a3 Nge7 7. b4 cxb4 8. axb4 Nxb4 9. Ba3 Nbc6 10. Bd6 O-O 11. Nc3 Re8 12. Nb5 1-0

[Event "*** Titled Tuesday Blitz"]
[Site "Chess.com"]
[Date "2021.03.02"]
[Round "1"]
[White "aljado"]
[Black "XanoushX_X"]
[Result "0-1"]
[WhiteElo "2088"]
[BlackElo "2502"]
[TimeControl "180+1"]
[EndTime "10:02:31 PST"]
[Termination "XanoushX_X won by resignation"]

1. e4 c6 2. d4 d5 3. exd5 cxd5 4. c4 Nf6 5. Nc3 g6 6. Bg5 Bg7 7. Nf3 O-O 8. c5 Nc6 9. Bd3 Bf5 10. O-O Ne4 11. Bh4 Nxd4 12. Nxd4 Bxd4 13. Bxe4 dxe4 14. Re1 Bxc5 15. Nxe4 Qxd1 16. Raxd1 Bxe4 17. Rxe4 Rfd8 18. Rc1 Rac8 19. Bxe7 Bxe7 20. Rxc8 Rxc8 0-1

[Event "*** Titled Tuesday Blitz"]
[Site "Chess.com"]
[Date "2021.03.02"]
[Round "1"]
[White "Matensien"]
[Black "j2806"]
[Result "1-0"]
[WhiteElo "2500"]
[BlackElo "2070"]
[TimeControl "180+1"]
[EndTime "10:02:31 PST"]
[Termination "Matensien won by resignation"]

1. Nf3 d5 2. c4 Nf6 3. cxd5 Nxd5 4. d4 e6 5. e4 Nf6 6. Bd3 Bb4+ 7. Nc3 Nc6 8. O-O O-O 9. e5 Nd5 10. Bxh7+ Kxh7 11. Ng5+ Kg8 12. Qh5 Re8 13. Qxf7+ Kh8 14. Qh5+ Kg8 15. Qh7+ Kf8 16. Qh8+ 1-0

[Event "*** Titled Tuesday Blitz"]
[Site "Chess.com"]
[Date "2021.03.02"]
[Round "1"]
[White "JuliaEfremova"]
[Black "aa175"]
[Result "0-1"]
[WhiteElo "2227"]
[BlackElo "2544"]
[TimeControl "180+1"]
[EndTime "10:02:35 PST"]
[Termination "aa175 won by resignation"]

1. d4 e5 2. dxe5 Nc6 3. e6 fxe6 4.
e4 Bc5 5. Nf3 Nf6 6. Nc3 Ng4 7.
Be3 Nxe3 8. fxe3 O-O 9. Qd2 Qf6 10. a3 Ne5 11. Be2 Ng4 12. O-O-O Bxe3 0-1

[Event "*** Titled Tuesday Blitz"]
[Site "Chess.com"]
[Date "2021.03.02"]
[Round "1"]
[White "tapu2"]
[Black "Make_it_shine060"]
[Result "1-0"]
[WhiteElo "2552"]
[BlackElo "2241"]
[TimeControl "180+1"]
[EndTime "10:02:39 PST"]
[Termination "tapu2 won by resignation"]

1. d4 Nf6 2. c4 g6 3. Nc3 d5 4. cxd5 Nxd5 5. e4 Nxc3 6. bxc3 Bg7 7. Be3 c5 8. Rc1 Qa5 9. Qd2 O-O 10. Nf3 Nc6 11. d5 Rd8 12. h4 Bg4 13. Nh2 Ne5 14. f4 Nc6 15. Nxg4 h5 16. Nf2 e6 17. Bc4 exd5 18.
Bxd5 Ne7 19. c4 1-0

[Event "*** Titled Tuesday Blitz"]
[Site "Chess.com"]
[Date "2021.03.02"]
[Round "1"]
[White "KhamzinOlzhas"]
[Black "publicaccountcze"]
[Result "1-0"]
[WhiteElo "2534"]
[BlackElo "2220"]
[TimeControl "180+1"]
[EndTime "10:02:43 PST"]
[Termination "KhamzinOlzhas won by resignation"]

1. d4 d5 2. c4 e6 3. Nc3 c5 4.
cxd5 exd5 5. Nf3 Nc6 6. dxc5 d4 7. Na4 Bxc5 8. Nxc5 Qa5+ 9. Bd2 Qxc5 10. Rc1 Qb6 11. e3 Be6 12. Qa4 dxe3 13. Bxe3 Qb4+ 14. Qxb4 Nxb4 15. Bb5+ Nc6 16. Rxc6 Bd7 17. Rc5 Bxb5 18. Rxb5 Rc8 19. O-O 1-0

[Event "*** Titled Tuesday Blitz"]
[Site "Chess.com"]
[Date "2021.03.02"]
[Round "1"]
[White "1977Ivan"]
[Black "MFguimaraes"]
[Result "1-0"]
[WhiteElo "2755"]
[BlackElo "2402"]
[TimeControl "180+1"]
[EndTime "10:02:49 PST"]
[Termination "1977Ivan won by resignation"]

1. e4 e5 2. Nf3 Nc6 3. Bc4 Nf6 4. d3 Bc5 5. c3 h6 6. Nbd2 O-O 7. Bb3 d5 8. exd5 Nxd5 9. Ne4 Bb6 10. O-O f5 11. Ng3 Kh8 12. Re1 Qd6 13. Nh4 Nf4 14. d4 exd4 15. Bxf4 1-0

[Event "*** Titled Tuesday Blitz"]
[Site "Chess.com"]
[Date "2021.03.02"]
[Round "1"]
[White "sakkikuska"]
[Black "Maddie"]
[Result "1-0"]
[WhiteElo "2501"]
[BlackElo "2076"]
[TimeControl "180+1"]
[EndTime "10:03:04 PST"]
[Termination "sakkikuska won by resignation"]

1. e4 c6 2. d4 d5 3. Nc3 dxe4 4.
Nxe4 Nd7 5. Ng5 Ngf6 6. N1f3 e6 7. Bd3 Be7 8. Qe2 O-O 9. O-O Nb6 10. c3 Nbd5 11. Ne4 Nxe4 12. Qxe4 Nf6 13. Qe2 c5 14. dxc5 Bxc5 15. Bg5 Be7 16. Rad1 Qa5 17. a3 b6 18. Bxf6 Bxf6 19. Qe4 g6 20. Qxa8 Bd7 21. Qe4 Ba4 22. Bc2 Bxc2 23. Qxc2 1-0

[Event "*** Titled Tuesday Blitz"]
[Site "Chess.com"]
[Date "2021.03.02"]
[Round "1"]
[White "Er_is_geen_hoop_meer"]
[Black "chessdjw"]
[Result "0-1"]
[WhiteElo "2400"]
[BlackElo "2756"]
[TimeControl "180+1"]
[EndTime "10:03:22 PST"]
[Termination "chessdjw won by resignation"]

1. b4 e5 2. a3 d5 3. Bb2 Bd6 4.
c4 dxc4 5. e3 Be6 6. Qc2 b5 7.
d3 cxd3 8. Bxd3 c6 9. f4 Nd7 10. Qxc6 Bc7 11. Nf3 Ne7 12. Ng5 Nxc6 0-1

[Event "*** Titled Tuesday Blitz"]
[Site "Chess.com"]
[Date "2021.03.02"]
[Round "1"]
[White "bilelou"]
[Black "garicradomir"]
[Result "1-0"]
[WhiteElo "2547"]
[BlackElo "2227"]
[TimeControl "180+1"]
[EndTime "10:03:24 PST"]
[Termination "bilelou won by resignation"]

1. e4 g6 2. d4 Nf6 3. e5 Nh5 4.
Be2 d6 5. Bxh5 gxh5 6. Qxh5 dxe5 7. Nf3 Rg8 8. Nxe5 Be6 9. Be3 Qd5 10. Nc3 Qxg2 11.
O-O-O Nc6 12. d5 Nxe5 13. dxe6 Ng6 14. Qxh7 Rg7 15. Qh5 Rd8 16. Rxd8+ Kxd8 17. Qd1+ 1-0

[Event "*** Titled Tuesday Blitz"]
[Site "Chess.com"]
[Date "2021.03.02"]
[Round "1"]
[White "mr65"]
[Black "Gusarov91"]
[Result "0-1"]
[WhiteElo "2098"]
[BlackElo "2504"]
[TimeControl "180+1"]
[EndTime "10:03:25 PST"]
[Termination "Gusarov91 won by resignation"]

1. e4 c6 2. Nc3 d5 3. Nf3 Bg4 4. h3 Bxf3 5. Qxf3 e6 6. g3 Nd7 7. Bg2 Ngf6 8. O-O Be7 9. Qe2 dxe4 10. Nxe4 Nxe4 11. Qxe4 Nf6 12. Qe2 O-O 13. d3 h6 14. b3 Nd5 15. Bxd5 cxd5 16. c4 Bf6 17. Bb2 Bxb2 18. Qxb2 Rc8 19. Rac1 Qd7 20. Kh2 a6 21. Rfe1 Qd6 22. b4 dxc4 23. dxc4 Rfd8 24. c5 Qd2 25.
Re2 Qd3 26. Qc3 Qxe2 0-1

[Event "*** Titled Tuesday Blitz"]
[Site "Chess.com"]
[Date "2021.03.02"]
[Round "1"]
[White "MelihKaanCan"]
[Black "GoltsevDmitry2000"]
[Result "0-1"]
[WhiteElo "2399"]
[BlackElo "2755"]
[TimeControl "180+1"]
[EndTime "10:03:39 PST"]
[Termination "GoltsevDmitry2000 won by resignation"]

1. d4 Nf6 2. c4 e6 3. Nc3 Bb4 4. a3 Bxc3+ 5. bxc3 c5 6. e3 O-O 7. Nf3 d5 8. cxd5 Qxd5 9. Bd3 b6 10. O-O Ba6 11. Re1 Bxd3 12. Qxd3 Ne4 13. c4 Qf5 14.
Bb2 Nc6 15. Nh4 Qxf2+ 16. Kh1 Qxe1+ 0-1

[Event "*** Titled Tuesday Blitz"]
[Site "Chess.com"]
[Date "2021.03.02"]
[Round "1"]
[White "exoticprincess"]
[Black "PowerThinking2650"]
[Result "1-0"]
[WhiteElo "2996"]
[BlackElo "2470"]
[TimeControl "180+1"]
[EndTime "10:03:44 PST"]
[Termination "exoticprincess won on time"]

1. e4 e5 2. Nf3 Nc6 3. c3 d5 4. d3 dxe4 5. dxe4 Qxd1+ 6. Kxd1 Bg4 7. Be3 O-O-O+ 8. Kc2 f6 9. Nbd2 Nge7 10. h3 Bxf3 11.
Nxf3 1-0

[Event "*** Titled Tuesday Blitz"]
[Site "Chess.com"]
[Date "2021.03.02"]
[Round "1"]
[White "Matols"]
[Black "ValeriyGrinev"]
[Result "0-1"]
[WhiteElo "2258"]
[BlackElo "2563"]
[TimeControl "180+1"]
[EndTime "10:03:51 PST"]
[Termination "ValeriyGrinev won by resignation"]

1. d4 d5 2. c4 e6 3. Nf3 Nf6 4. g3 dxc4 5. Bg2 Be7 6. O-O O-O 7. Nbd2 c5 8. dxc5 c3 9. bxc3 Bxc5 10. Qc2 Bd7 11.
Ne5 Bc6 12. Nxc6 Nxc6 13. Rd1 Bxf2+ 14. Kxf2 Qb6+ 15. Ke1 Qg1+ 16. Bf1 Ng4 17. Ne4 f5 18. Qb3 fxe4 19. Qxe6+ Kh8 0-1

[Event "*** Titled Tuesday Blitz"]
[Site "Chess.com"]
[Date "2021.03.02"]
[Round "1"]
[White "Firegrizzly"]
[Black "allvim"]
[Result "1-0"]
[WhiteElo "2676"]
[BlackElo "2354"]
[TimeControl "180+1"]
[EndTime "10:03:53 PST"]
[Termination "Firegrizzly won by resignation"]

1. d4 Nf6 2. Nf3 d5 3. Bf4 c5 4. e3 Nc6 5. c3 Qb6 6. Qb3 c4 7. Qc2 Bf5 8. Qc1 e6 9. Nbd2 Nh5 10. Be2 Nxf4 11. exf4 Bd6 12. g3 O-O 13. O-O Qa5 14. b4 cxb3 15. axb3 Qc7 16. b4 a6 17. Qb2 Rfc8 18. Nb3 Ne7 19. Rfc1 f6 20. Nc5 Bxc5 21. bxc5 Rcb8 22. c4 dxc4 23. Bxc4 b5 24. Ba2 Nd5 25. Nh4 Bh3 26. f5 Kh8 27. Re1 Re8 28.
fxe6 Bxe6 29. Rxe6 Rxe6 30. Bxd5 Rae8 31. Bxe6 Rxe6 32.
Qc3 1-0

[Event "*** Titled Tuesday Blitz"]
[Site "Chess.com"]
[Date "2021.03.02"]
[Round "1"]
[White "German_Bazeev"]
[Black "volkanyirik"]
[Result "1-0"]
[WhiteElo "2728"]
[BlackElo "2393"]
[TimeControl "180+1"]
[EndTime "10:03:55 PST"]
[Termination "German_Bazeev won by resignation"]

1. d4 Nf6 2. Nf3 g6 3. c4 Bg7 4. Nc3 O-O 5. e4 d6 6. Be2 e5 7.
O-O Nc6 8. d5 Nd4 9. Nxd4 exd4 10.
Qxd4 Re8 11. Qd3 Nd7 12. Be3 b6 13. Bd4 Nc5 14. Qd2 Nxe4 15. Nxe4 Rxe4 16. Bxg7 Kxg7 17. Bd3 Re8 18. Rfe1 Bd7 19. Rxe8 Bxe8 20. Qc3+ Qf6 21. Qxf6+ Kxf6 22. f3 Bd7 23. Kf2 Re8 24. b4 Bf5 25.
Bxf5 Kxf5 26. Rc1 h5 27. Rc3 Re5 28. Ra3 b5 29. Rxa7 bxc4 30. Rxc7 Rxd5 31. Ke2 Re5+ 32. Kd2 d5 33. b5 d4 34. a4 Ke6 35. Rxc4 Kd5 36.
Rc7 f5 37. b6 Kd6 38. Rc4 Ra5 39. b7 1-0

[Event "*** Titled Tuesday Blitz"]
[Site "Chess.com"]
[Date "2021.03.02"]
[Round "1"]
[White "Yaacovn"]
[Black "CrushingKings"]
[Result "1-0"]
[WhiteElo "2783"]
[BlackElo "2411"]
[TimeControl "180+1"]
[EndTime "10:04:03 PST"]
[Termination "Yaacovn won by resignation"]

1. d4 Nf6 2. e3 b6 3. f4 Bb7 4. Nf3 g6 5. Bd3 Bg7 6. O-O O-O 7.
Nbd2 d6 8. e4 c5 9. c3 cxd4 10. cxd4 Nc6 11. a3 e5 12. d5 Nd4 13.
fxe5 Nxf3+ 14. Qxf3 dxe5 15. Nc4 Qe7 16. Bg5 Qc5+ 17.
Be3 Qe7 18. Bg5 Qc5+ 19. Qe3 Qe7 20. Qf2 Nxe4 21. Bxe7 Nxf2 22. Rxf2 Rfe8 23. d6 e4 24. Bc2 Bd4 25. Rd1 Bxf2+ 26. Kxf2 Ba6 27. Bxe4 Rab8 28.
Ne5 Kg7 29. Nc6 Ra8 30. d7 1-0

[Event "*** Titled Tuesday Blitz"]
[Site "Chess.com"]
[Date "2021.03.02"]
[Round "1"]
[White "Yaryi_sergey"]
[Black "dropstoneDP"]
[Result "1-0"]
[WhiteElo "2486"]
[BlackElo "2979"]
[TimeControl "180+1"]
[EndTime "10:04:05 PST"]
[Termination "Yaryi_sergey won by resignation"]

1. e4 e5 2. Nf3 Nc6 3. g3 d5 4. exd5 Qxd5 5. Nc3 Qd6 6. Bg2 Bg4 7. h3 Bh5 8. O-O O-O-O 9. d3 f5 10. Be3 Nf6 11.
Nb5 Qd5 12. Nc3 Qd7 13. Qc1 f4 14. gxf4 Bxf3 15. Bxf3 Qxh3 16. Bg2 Qh4 17. fxe5 Ng4 18. Bf4 Bc5 19. Ne4 Bb6 20. Bg3 Qh5 21. Qg5 Qxg5 22. Nxg5 Ncxe5 23. Rae1 Rde8 24. Bh3 Nf3+ 25. Nxf3 Rxe1 26.
Bxg4+ 1-0

[Event "*** Titled Tuesday Blitz"]
[Site "Chess.com"]
[Date "2021.03.02"]
[Round "1"]
[White "eCztery"]
[Black "fearless_guy"]
[Result "0-1"]
[WhiteElo "2415"]
[BlackElo "2796"]
[TimeControl "180+1"]
[EndTime "10:04:16 PST"]
[Termination "fearless_guy won by resignation"]

1. e4 e6 2. d4 d5 3. exd5 exd5 4. Nf3 Bd6 5. c4 Nf6 6. Nc3 O-O 7. c5 Be7 8. Bd3 b6 9. cxb6 axb6 10. O-O c5 11.
Bg5 Nc6 12. dxc5 bxc5 13. Bxf6 Bxf6 14. Nxd5 Bxb2 15. Rb1 Bd4 16. Be4 Rxa2 17. Rb6 Be6 18. Bxh7+ Kxh7 19. Qb1+ Kg8 20. Qxa2 Bxd5 21. Qe2 Qxb6 0-1

[Event "*** Titled Tuesday Blitz"]
[Site "Chess.com"]
[Date "2021.03.02"]
[Round "1"]
[White "Gloomy_Wanderer"]
[Black "Rytenko_V"]
[Result "1-0"]
[WhiteElo "2700"]
[BlackElo "2371"]
[TimeControl "180+1"]
[EndTime "10:04:21 PST"]
[Termination "Gloomy_Wanderer won by resignation"]

1. d4 d5 2. c4 c6 3. cxd5 cxd5 4. Nc3 Nc6 5. e4 e6 6. e5 Bd7 7.
Nf3 Qb6 8. a3 f6 9. exf6 Nxf6 10.
Bd3 Bd6 11. O-O O-O 12. Re1 Rae8 13. Bg5 Bb8 14. Bh4 a6 15. Bg3 Bxg3 16. hxg3 Qc7 17. Rc1 Qb8 18. Ne5 Nxd4 19. Bxh7+ Kxh7 20. Qxd4 g6 21. Qh4+ Kg7 22. Qg5 Nh7 23. Qxg6+ Kh8 24. Nxd7 Rg8 25.
Qxg8+ Rxg8 26. Nxb8 1-0

[Event "*** Titled Tuesday Blitz"]
[Site "Chess.com"]
[Date "2021.03.02"]
[Round "1"]
[White "Blitzking642"]
[Black "AtabayevSaparmyrat"]
[Result "0-1"]
[WhiteElo "2362"]
[BlackElo "2694"]
[TimeControl "180+1"]
[EndTime "10:04:22 PST"]
[Termination "AtabayevSaparmyrat won by resignation"]

1. e4 c5 2. Nf3 d6 3. d4 cxd4 4. Nxd4 e5 5. Nf3 Nf6 6. Nc3 Be7 7. Bg5 Be6 8. Bxf6 Bxf6 9. Be2 O-O 10. O-O Nc6 11. Nd5 Rc8 12. c3 Bg5 13. a4 f5 14. exf5 Bxf5 15. Bc4 Kh8 16. Nxg5 Qxg5 17. Qe2 e4 18. f4 exf3 19. Rxf3 Ne5 20. Rg3 Bg4 21.
Qe3 Qxe3+ 22. Nxe3 Nxc4 23. Nxg4 Nxb2 24. Rb1 Nxa4 25. Rxb7 Nxc3 26. Re3 Ne2+ 0-1

[Event "*** Titled Tuesday Blitz"]
[Site "Chess.com"]
[Date "2021.03.02"]
[Round "1"]
[White "Arseniy_Nesterov"]
[Black "Forantes"]
[Result "1-0"]
[WhiteElo "2784"]
[BlackElo "2412"]
[TimeControl "180+1"]
[EndTime "10:04:23 PST"]
[Termination "Arseniy_Nesterov won by resignation"]

1. d4 Nf6 2. c4 g6 3. Nc3 d5 4.
cxd5 Nxd5 5. e4 Nxc3 6. bxc3 Bg7 7. Qa4+ Nd7 8. Nf3 O-O 9. Be2 c5 10. O-O Nb6 11. Qa3 cxd4 12. cxd4 Bg4 13. Rd1 Bxf3 14. gxf3 Bxd4 15. Bg5 Bxa1 16. Rxd8 Rfxd8 17. Qxe7 Rd7 18. Qa3 Bd4 19. Bb5 Rc7 20. Qd6 Rc5 21. h4 Bxf2+ 22. Kxf2 Rxb5 23. Qd4 f6 24. Qxf6 Rf8 25. Qe6+ Rf7 26. Qe8+ Rf8 27. Qxb5 Kg7 28. Qe5+ Kg8 29. Bh6 1-0

[Event "*** Titled Tuesday Blitz"]
[Site "Chess.com"]
[Date "2021.03.02"]
[Round "1"]
[White "Ladislav1969"]
[Black "Astaneh"]
[Result "0-1"]
[WhiteElo "2310"]
[BlackElo "2614"]
[TimeControl "180+1"]
[EndTime "10:04:24 PST"]
[Termination "Astaneh won by resignation"]

1. e4 c6 2. d4 d5 3. e5 c5 4. dxc5 Nc6 5. Nf3 Bg4 6. Bb5 e6 7. Be3 Qa5+ 8. Nc3 a6 9. Bxc6+ bxc6 10. Qd4 Bxf3 11. gxf3 Ne7 12. b4 Qc7 13. Na4 Nf5 14.
Qc3 a5 15. Nb6 Qxb6 16. cxb6 Bxb4 17. Qxb4 axb4 18. Bc5 Ra5 19. Bxb4 Rb5 20. c3 Rxb6 21.
Kd2 Kd7 22. a4 Ra8 23. a5 Rb5 24. Rhb1 c5 25. Bxc5 Rxc5 26. Rb7+ Rc7 27. a6 Rxb7 28. axb7 Rb8 29. Ra8 Kc7 0-1

[Event "*** Titled Tuesday Blitz"]
[Site "Chess.com"]
[Date "2021.03.02"]
[Round "1"]
[White "Hangar-18"]
[Black "Kobalia"]
[Result "0-1"]
[WhiteElo "2360"]
[BlackElo "2683"]
[TimeControl "180+1"]
[EndTime "10:04:25 PST"]
[Termination "Kobalia won by resignation"]

1. c4 Nf6 2. Nc3 g6 3. Nf3 Bg7 4. g3 O-O 5. Bg2 d6 6. d4 Nc6 7. O-O a6 8. h3 Bd7 9. e4 e5 10. d5 Ne7 11. c5 Ne8 12. cxd6 cxd6 13. Nd2 f5 14. exf5 gxf5 15. f4 e4 16. Nc4 Rc8 17. Ne3 Nf6 18. g4 Qb6 19. Kh2 Kh8 20. g5 Ne8 21.
Ne2 Nc7 22. Ng3 Bb5 23. Rf2 Bd3 24. Nh5 Bd4 25. Qe1 Ncxd5 0-1

[Event "*** Titled Tuesday Blitz"]
[Site "Chess.com"]
[Date "2021.03.02"]
[Round "1"]
[White "Rud_Makarian"]
[Black "whogeeyao"]
[Result "1-0"]
[WhiteElo "2777"]
[BlackElo "2407"]
[TimeControl "180+1"]
[EndTime "10:04:27 PST"]
[Termination "Rud_Makarian won by resignation"]

1. d4 Nf6 2. g3 g6 3. Bg2 c6 4. Nh3 d5 5. Nf4 Bg7 6. h4 Nbd7 7. h5 e5 8. dxe5 Nxe5 9. h6 Bf8 10. b3 Nfg4 11. Bb2 Bb4+ 12. Nd2 Qb6 13. O-O O-O 14.
Nf3 Nxf3+ 15. Bxf3 Nxh6 16. Kg2 Bg4 17. Rh1 Bxf3+ 18.
exf3 Nf5 19. Rxh7 Kxh7 20. Qh1+ Nh6 21. Qxh6+ Kxh6 22. Bf6 1-0

[Event "*** Titled Tuesday Blitz"]
[Site "Chess.com"]
[Date "2021.03.02"]
[Round "1"]
[White "Ural_bogatyr"]
[Black "MerryPoppies"]
[Result "1-0"]
[WhiteElo "2513"]
[BlackElo "2148"]
[TimeControl "180+1"]
[EndTime "10:04:27 PST"]
[Termination "Ural_bogatyr won by resignation"]

1. e4 e5 2. Nf3 Nc6 3. Bc4 Nf6 4. O-O Be7 5. Re1 O-O 6. c3 d6 7. h3 Be6 8. Bb3 h6 9. Bc2 Nh7 10. d4 exd4 11. cxd4 d5 12. Nc3 Bg5 13. Qd3 Bxc1 14. exd5 f5 15. dxc6 Bxb2 16. cxb7 Bxa1 17. bxa8=Q Qxa8 18. Rxe6 Bxc3 1-0

[Event "*** Titled Tuesday Blitz"]
[Site "Chess.com"]
[Date "2021.03.02"]
[Round "1"]
[White "Korchmar_Vasiliy"]
[Black "AsaHoffmann"]
[Result "1-0"]
[WhiteElo "2614"]
[BlackElo "2309"]
[TimeControl "180+1"]
[EndTime "10:04:28 PST"]
[Termination "Korchmar_Vasiliy won by checkmate"]

1. e4 d6 2. d4 Nf6 3. Nc3 c6 4. Nf3 Bg4 5. Be2 e6 6. h3 Bh5 7.
O-O Be7 8. e5 dxe5 9. Nxe5 Bxe2 10. Qxe2 Nbd7 11. Bg5 Nxe5 12. dxe5 Nd5 13. Bxe7 Nxc3 14.
bxc3 Qxe7 15. Rad1 Qc5 16. Rd3 O-O 17. Rfd1 h6 18. Qh5 Rae8 19. Rg3 Kh8 20. Rd4 Qe7 21. Rh4 f6 22. Rg6 Kg8 23. Qxh6 Kf7 24. Rxg7# 1-0

[Event "*** Titled Tuesday Blitz"]
[Site "Chess.com"]
[Date "2021.03.02"]
[Round "1"]
[White "Federtiu"]
[Black "Kale36"]
[Result "1-0"]
[WhiteElo "2602"]
[BlackElo "2288"]
[TimeControl "180+1"]
[EndTime "10:04:28 PST"]
[Termination "Federtiu won by resignation"]

1. e4 Nc6 2. Nc3 g6 3. d4 Bg7 4. Nge2 e5 5. d5 Nce7 6. d6 Nc6 7. Nb5 cxd6 8. Nxd6+ Kf8 9. Be3 b6 10. Nc3 Nge7 11.
Bc4 Qc7 12. Ncb5 Qb8 13. Nxf7 a6 14. Nbd6 Nd4 15. Bxd4 exd4 16. Qf3 1-0

[Event "*** Titled Tuesday Blitz"]
[Site "Chess.com"]
[Date "2021.03.02"]
[Round "1"]
[White "thedjoker98"]
[Black "ulkaf961"]
[Result "0-1"]
[WhiteElo "2592"]
[BlackElo "2336"]
[TimeControl "180+1"]
[EndTime "10:04:29 PST"]
[Termination "ulkaf961 won by resignation"]

1. d4 d5 2. c4 e6 3. Nc3 a6 4. cxd5 exd5 5. Nf3 h6 6. Bf4 Nf6 7. e3 Bd6 8. Bg3 O-O 9. Bd3 Bg4 10. Ne2 c5 11.
Bxd6 Qxd6 12. dxc5 Qxc5 13. Nfd4 Nc6 14. h3 Nxd4 15.
exd4 Qb4+ 16. Qd2 Qxd2+ 17. Kxd2 Bxe2 18. Kxe2 Rfe8+ 19. Kf3 Ne4 20. Rhe1 f5 21. Rac1 Rac8 22.
Rxc8 Rxc8 23. Kf4 Rf8 24. f3 g5+ 25. Ke5 Re8+ 26. Kxf5 Nd6+ 0-1

[Event "*** Titled Tuesday Blitz"]
[Site "Chess.com"]
[Date "2021.03.02"]
[Round "1"]
[White "Ajedrez_con_German"]
[Black "Andrakhanova"]
[Result "1-0"]
[WhiteElo "2562"]
[BlackElo "2255"]
[TimeControl "180+1"]
[EndTime "10:04:30 PST"]
[Termination "Ajedrez_con_German won by resignation"]

1. b3 d5 2. Bb2 Nf6 3. e3 g6 4. Nf3 Bg7 5. c4 dxc4 6. bxc4 O-O 7.
Be2 c5 8. O-O b6 9. d4 cxd4 10.
exd4 Bb7 11. d5 Re8 12. Nc3 Nbd7 13. Nd4 Rc8 14. Re1 Ne5 15. Qa4 a5 16. Rac1 Nfd7 17. Ncb5 Nc5 18. Qd1 e6 19. f4 exd5 20. fxe5 dxc4 21.
Bxc4 Qg5 22. Nf3 Qg4 23. Nd6 Rcd8 24. Bxf7+ Kh8 25. Bxe8 Ne4 26. Nf7+ 1-0

[Event "*** Titled Tuesday Blitz"]
[Site "Chess.com"]
[Date "2021.03.02"]
[Round "1"]
[White "tigra"]
[Black "InitiatingASC"]
[Result "1-0"]
[WhiteElo "2851"]
[BlackElo "2437"]
[TimeControl "180+1"]
[EndTime "10:04:32 PST"]
[Termination "tigra won by resignation"]

1. e4 c5 2. Nf3 Nc6 3. d4 cxd4 4.
Nxd4 Nf6 5. Nc3 e5 6. Nf5 h6 7. Ne3 d6 8. Bc4 Be6 9. Bb3 Be7 10. O-O O-O 11. Ned5 Nd4 12. Nxf6+ Bxf6 13. Bd5 Qe7 14. Be3 Rac8 15. Rc1 Rfd8 16. Qd3 Rc5 17. Na4 Ra5 18. Nc3 Rc5 19. Kh1 Rdc8 20. f4 Qc7 21. fxe5 dxe5 22. Bxh6 b5 23. Rxf6 Rxc3 24. bxc3 Qxc3 25. Qxc3 Rxc3 26.
Bd2 1-0

[Event "*** Titled Tuesday Blitz"]
[Site "Chess.com"]
[Date "2021.03.02"]
[Round "1"]
[White "vugarrasulov"]
[Black "ChessNinja48"]
[Result "1-0"]
[WhiteElo "2787"]
[BlackElo "2413"]
[TimeControl "180+1"]
[EndTime "10:04:32 PST"]
[Termination "vugarrasulov won by resignation"]

1. d4 Nf6 2. c4 e6 3. Nf3 d5 4. g3 Be7 5. Bg2 O-O 6. O-O dxc4 7. Qc2 a6 8. a4 Nc6 9. Qxc4 a5 10. Nc3 Nb4 11. Rd1 c6 12. e4 b6 13. Qb3 Ba6 14. Bf1 Bxf1 15. Kxf1 Rc8 16. Kg2 Qd7 17. Bf4 Rfd8 18. Rac1 Qb7 19. h3 c5 20. dxc5 Bxc5 21. Rxd8+ Rxd8 22. Rd1 Nd3 23. Bg5 Be7 24.
Qb5 Qd7 25. Qxd7 Rxd7 26. e5 Nxb2 27. Rxd7 Nxd7 28. Bxe7 1-0

[Event "*** Titled Tuesday Blitz"]
[Site "Chess.com"]
[Date "2021.03.02"]
[Round "1"]
[White "Orest_Vovk"]
[Black "zurzan"]
[Result "1-0"]
[WhiteElo "2498"]
[BlackElo "2067"]
[TimeControl "180+1"]
[EndTime "10:04:34 PST"]
[Termination "Orest_Vovk won by resignation"]

1. d4 d6 2. Nf3 g6 3. Bg5 h6 4. Bh4 Bg7 5. Nbd2 Nf6 6. e3 c6 7. Bd3 Nbd7 8. O-O O-O 9. c3 e5 10. dxe5 Nxe5 11. Nxe5 dxe5 12. Ne4 g5 13. Nxf6+ Qxf6 14.
Bg3 Bf5 15. Bxf5 Qxf5 16. Qb3 b6 17. Rad1 Rfd8 18. Rxd8+ Rxd8 19. Rd1 Rxd1+ 20. Qxd1 Qe6 21. Qd8+ Kh7 22. b3 Qd5 23. Qxd5 cxd5 24. f3 f5 25. c4 dxc4 26. bxc4 e4 27. fxe4 fxe4 28. Bb8 a6 29. a4 Bc3 30. Bc7 b5 31. cxb5 axb5 32. axb5 Kg6 33. b6 Bd2 34. Kf2 Ba5 35. Bd8 Kf7 36. b7 Bxd8 37. b8=Q Be7 38. Qe5 1-0

[Event "*** Titled Tuesday Blitz"]
[Site "Chess.com"]
[Date "2021.03.02"]
[Round "1"]
[White "pfalcon1949"]
[Black "Das_Virus_2020"]
[Result "0-1"]
[WhiteElo "2025"]
[BlackElo "2488"]
[TimeControl "180+1"]
[EndTime "10:04:38 PST"]
[Termination "Das_Virus_2020 won by resignation"]

1. c4 Nf6 2. Nc3 c5 3. g3 e6 4.
Bg2 a6 5. e4 Qc7 6. Nge2 d6 7.
O-O Be7 8. d3 O-O 9. h3 Nbd7 10.
Be3 Rb8 11. a4 b6 12. Qd2 Bb7 13. Kh2 Rbd8 14. f4 Rfe8 15. Rab1 Bf8 16. b4 cxb4 17.
Rxb4 d5 18. Rbb1 dxe4 19. dxe4 Bc5 20. e5 Bxg2 21. Kxg2 Nxe5 22. Qc1 Qc6+ 23. Kh2 Nf3+ 0-1

[Event "*** Titled Tuesday Blitz"]
[Site "Chess.com"]
[Date "2021.03.02"]
[Round "1"]
[White "Sibelephant"]
[Black "GasconJR"]
[Result "1-0"]
[WhiteElo "3049"]
[BlackElo "2473"]
[TimeControl "180+1"]
[EndTime "10:04:41 PST"]
[Termination "Sibelephant won by resignation"]

1. d4 Nf6 2. c4 g6 3. Nc3 Bg7 4. e4 d6 5. Be2 O-O 6. h4 c5 7. d5 e6 8. h5 exd5 9. exd5 Re8 10. hxg6 hxg6 11. Bh6 Bxh6 12. Rxh6 Kg7 13. Qd2 Rh8 14. Rxh8 Qxh8 15. Qf4 Qd8 16. O-O-O a6 17. Nf3 b5 18. Ng5 Qe7 19. Rh1 Nh5 20. Bxh5 gxh5 21. Nce4 1-0